General information
- name: BNet
- type: Ladder team game (AT/RT)
- host: Battle.net
- saver: humankingtomvip
map: Friends
- players: 8
- length: 04:36
- speed: Fast
- version: 1.26 W3XP
- replay type: Public
» download(24 KB)
Players
team 1 (winner)
humankingtomvip (
pink | 54 APM | 251 actions | 04:36)
1 Pandaren Brewmaster
1 Breath of Fire
» actions
| Assign group hotkey | 25 | |
| Basic commands | 4 | |
| Build / train | 20 | |
| Enter build submenu | 8 | |
| Enter hero's abilities submenu | 1 | |
| Right click | 103 | |
| Select / deselect | 38 | |
| Select group hotkey | 40 | |
| Use ability | 12 | |
251 total
» units
» buildings
| Barracks | 1 | |
| Farm | 5 | |
| Altar of Kings | 1 | |
| Keep | 1 | |
| Lumber Mill | 1 | |
9 total
» build order
00:18 Barracks
00:39 Farm
00:54 Altar of Kings
01:03 Farm
01:44 Farm
02:13 Farm
03:33 Keep
04:14 Lumber Mill
04:15 Farm

»
Herbilla (
red | 46 APM | 213 actions | 04:36)
1 Pandaren Brewmaster
1 Breath of Fire
» actions
| Basic commands | 1 | |
| Build / train | 12 | |
| Enter build submenu | 7 | |
| Enter hero's abilities submenu | 1 | |
| Right click | 144 | |
| Select / deselect | 37 | |
| Use ability | 11 | |
213 total
» units
» buildings
| Orc Burrow | 2 | |
| Altar of Storms | 1 | |
| Barracks | 1 | |
| Voodoo Lounge | 1 | |
| War Mill | 1 | |
| Stronghold | 1 | |
| Watch Tower | 1 | |
8 total
» build order
00:11 Orc Burrow
00:16 Orc Burrow
00:40 Altar of Storms
01:29 Barracks
02:07 Voodoo Lounge
02:16 War Mill
03:52 Stronghold
03:57 Watch Tower
lornazondia (
yellow | 51 APM | 234 actions | 04:36)
1 Pandaren Brewmaster
1 Breath of Fire
» actions
| Assign group hotkey | 1 | |
| Build / train | 19 | |
| Enter build submenu | 5 | |
| Enter hero's abilities submenu | 1 | |
| Right click | 131 | |
| Select / deselect | 30 | |
| Select group hotkey | 36 | |
| Use ability | 11 | |
234 total
» units
» upgrades
| Ultravision | 1 | |
| Strength of the Wild | 1 | |
2 total
» buildings
| Moon Well | 3 | |
| Altar of Elders | 1 | |
| Hunter's Hall | 1 | |
| Tree of Ages | 1 | |
6 total
» build order
00:29 Moon Well
01:25 Altar of Elders
01:36 Moon Well
02:13 Hunter's Hall
04:24 Tree of Ages
04:29 Moon Well

»
HeartBreaka (
blue | 39 APM | 180 actions | 04:36)
1 Pandaren Brewmaster
1 Breath of Fire
» actions
| Assign group hotkey | 1 | |
| Build / train | 20 | |
| Enter build submenu | 6 | |
| Enter hero's abilities submenu | 1 | |
| Right click | 76 | |
| Select / deselect | 22 | |
| Select group hotkey | 43 | |
| Use ability | 11 | |
180 total
» units
» buildings
| Altar of Storms | 1 | |
| Orc Burrow | 3 | |
| War Mill | 1 | |
| Barracks | 1 | |
| Stronghold | 1 | |
7 total
» build order
00:03 Altar of Storms
00:06 Orc Burrow
00:58 War Mill
01:38 Barracks
02:07 Orc Burrow
03:52 Orc Burrow
04:23 Stronghold
team 2 (loser)
yngdogky208 (
purple | 44 APM | 164 actions | 03:44)
1 Priestess of the Moon
1 Searing Arrows
» actions
| Build / train | 19 | |
| Enter build submenu | 6 | |
| Enter hero's abilities submenu | 1 | |
| Right click | 75 | |
| Select / deselect | 56 | |
| Use ability | 7 | |
164 total
» units
» buildings
| Altar of Elders | 1 | |
| Moon Well | 2 | |
| Ancient of War | 1 | |
| Ancient of Wonders | 1 | |
5 total
» build order
00:08 Altar of Elders
00:22 Moon Well
00:37 Ancient of War
01:46 Moon Well
02:21 Ancient of Wonders

»
bottle-up (
teal | 23 APM | 106 actions | 04:35)
1 Crypt Lord
1 Impale
1 Archmage
1 Summon Water Elemental
» actions
| Basic commands | 5 | |
| Build / train | 14 | |
| Enter build submenu | 6 | |
| Enter hero's abilities submenu | 2 | |
| Remove unit from queue | 1 | |
| Right click | 43 | |
| Select / deselect | 25 | |
| Use ability | 10 | |
106 total
» units
| Acolyte | 3 | |
| Ghoul | 2 | |
| Crypt Fiend | 4 | |
9 total
» buildings
| Crypt | 1 | |
| Graveyard | 1 | |
| Ziggurat | 3 | |
| Altar of Darkness | 1 | |
| Nerubian Tower | 1 | |
7 total
» build order
00:16 Crypt
00:22 Graveyard
00:46 Ziggurat
01:11 Altar of Darkness
01:46 Ziggurat
02:48 Nerubian Tower
02:59 Ziggurat
f15x (
green | 21 APM | 75 actions | 03:31)
» actions
| Build / train | 12 | |
| Enter build submenu | 7 | |
| Right click | 19 | |
| Select / deselect | 30 | |
| Use ability | 7 | |
75 total
» units
» buildings
| Altar of Kings | 1 | |
| Farm | 2 | |
| Lumber Mill | 1 | |
| Arcane Vault | 1 | |
| Scout Tower | 2 | |
| Guard Tower | 1 | |
8 total
» build order
00:20 Altar of Kings
00:26 Farm
00:50 Lumber Mill
01:21 Arcane Vault
01:56 Farm
02:34 Scout Tower
02:48 Scout Tower
03:14 Guard Tower
» items
| Scroll of Regeneration | 1 | |
| Lesser Clarity Potion | 1 | |
2 total
xXLorDXx (
orange | 44 APM | 160 actions | 03:37)
1 Paladin
1 Holy Light
» actions
| Basic commands | 5 | |
| Build / train | 14 | |
| Enter build submenu | 8 | |
| Enter hero's abilities submenu | 1 | |
| Right click | 69 | |
| Select / deselect | 52 | |
| Use ability | 11 | |
160 total
» units
» upgrades
» buildings
| Altar of Kings | 1 | |
| Farm | 3 | |
| Barracks | 2 | |
| Lumber Mill | 1 | |
7 total
» build order
00:12 Altar of Kings
00:26 Farm
00:36 Barracks
01:04 Lumber Mill
01:25 Farm
01:54 Farm
02:08 Barracks
Chat log
(00:07 / Allies) humankingtomvip: u guys wanna go 4x panda
(00:11 / Allies) humankingtomvip: and own a human base with aoe?
(00:23 / Allies) Herbilla: im down
(00:23 / Allies) humankingtomvip: u must answer fast if yes
(00:25 / Allies) Herbilla: such a good combo
(00:30 / Allies) HeartBreaka: ok
(00:35 / Allies) humankingtomvip: lorn u too?
(00:39 / Allies) lornazondia: k
(00:41 / Allies) lornazondia: panda
(00:44 / Allies) humankingtomvip: k all get panda at a tavern
(00:48 / Allies) humankingtomvip: send a worker
(01:09 / Allies) humankingtomvip: can u send a wisp night elf
(01:09 / Allies) Herbilla: just go to your closest tavern
(01:12 / Allies) humankingtomvip: no
(01:15 / Allies) humankingtomvip: we all get at the same one
(01:15 / Allies) Herbilla: send 1
(01:17 / Allies) humankingtomvip: sop we can hit together
(01:21 / Allies) humankingtomvip: right away as soon as hero is up
(01:34 / Allies) humankingtomvip: fine ill send a footy
(01:36 / Allies) humankingtomvip: and hsare control
(01:38 / Allies) humankingtomvip: when the time comes
(01:56 / Allies) humankingtomvip: remember
(01:58 / Allies) humankingtomvip: save your breath of fire
(02:00 / Allies) humankingtomvip: for big clusters
(02:02 / Allies) humankingtomvip: of enemy units
(02:05 / Allies) humankingtomvip: like 8 militia or more
(02:22 / Allies) humankingtomvip: THIS IS IT
(02:34 / Allies) Herbilla: were spotted but KILL!!
(02:53 / Allies) humankingtomvip: save breaths
(02:54 / Allies) humankingtomvip: for 5 or more
(03:26 / Allies) Herbilla: hahahaha
(03:43 / Allies) HeartBreaka: lol
(03:43 / Allies) humankingtomvip: gj guys
(03:44 / Allies) humankingtomvip: lol
(03:46 / Allies) Herbilla: get away from tree
(04:06 / Allies) humankingtomvip: dont let hem kil lur hero
(04:07 / Allies) humankingtomvip: go home and heal